 Dungeon Crawl Stone Soup version 0.22.1-6-g1668fe2 (webtiles) character file.

56 Fang the Skirmisher (level 3, -6/24 HPs)
             Began as a Gargoyle Berserker on Jan 31, 2019.
             Was a Believer of Trog.
             Killed from afar by Natasha (10 damage)
             ... with a magic dart
             ... on level 2 of the Dungeon.
             The game lasted 00:02:24 (922 turns).

Fang the Skirmisher (Gargoyle Berserker)             Turns: 922, Time: 00:02:25

Health: -6/24      AC: 12    Str: 21    XL:     3   Next: 95%
Magic:  3/3        EV: 10    Int:  7    God:    Trog [**....]
Gold:   46         SH:  0    Dex:  9    Spells: 2/2 levels left

rFire    . . .     SeeInvis .   a - +0 hand axe
rCold    . . .     Gourm    .   (no shield)
rNeg     + . .     Faith    .   d - +0 scale mail
rPois    ∞         Spirit   .   (no helmet)
rElec    +         Reflect  .   f - +2 cloak
rCorr    .         Harm     .   (no gloves)
MR       .....                  (no boots)
Stlth    ..........             (no amulet)
HPRegen  0.08/turn              (no ring)
MPRegen  0.08/turn              (no ring)

@: slowed, very slow
A: negative energy resistance 1, electricity resistance, unbreathing,
petrification resistance, rot immunity, AC +3
a: Berserk, Trog's Hand, Renounce Religion


You were on level 2 of the Dungeon.
You worshipped Trog.
Trog was pleased with you.
You were not hungry.

You visited 1 branch of the dungeon, and saw 2 of its levels.

You collected 46 gold pieces.

Inventory:

Hand Weapons
 a - a +0 hand axe (weapon)
Armour
 d - a +0 scale mail (worn)
 f - a +2 cloak (worn)
Scrolls
 g - 2 scrolls of teleportation {unknown}
Potions
 b - 2 potions of flight {unknown}
 e - 2 potions of invisibility {unknown}
 h - a potion of berserk rage {unknown}
Comestibles
 c - 2 rations


   Skills:
 + Level 4.0 Fighting
 + Level 3.5 Axes
 + Level 2.5 Armour
 + Level 1.7 Dodging
 + Level 0.1 Stealth


You had 2 spell levels left.
You didn't know any spells.
Your spell library was empty.

Dungeon Overview and Level Annotations

Branches:
Dungeon (2/15)

Altars:
Uskayaw
Wu Jian

Annotations:
D:2 2 transporters, Natasha


Innate Abilities, Weirdness & Mutations

You are resistant to torment.
Your stone body is resilient. (AC +3)
You are immune to poison.
You resist negative energy. (rN+)
You are resistant to electric shocks. (rElec)
You can survive without breathing.
You are immune to petrification.
You are immune to rotting.


Message History

Natasha is heavily wounded.
Natasha claws you but does no damage. x2
Your scale mail prevents you from hitting Natasha.
Natasha is heavily wounded.
Natasha claws you.
* * * LOW HITPOINT WARNING * * *
You hit Natasha but do no damage.
Natasha is heavily wounded.
Natasha barely misses you. Natasha casts a spell at you.
The magic dart hits you!
You closely miss Natasha.
Natasha is heavily wounded.
Natasha barely misses you.
You hit Natasha but do no damage.
Natasha is heavily wounded.
Natasha misses you.
Natasha stares at you and mumbles some strange words.
The magic dart hits you!
You die...

##.#....###....# #
###.......###
##..##### #..# #..#
#..# #.####..#
#......##############
##......(.(..@h......
#.....###############
#.###### #


You could see Natasha.

Vanquished Creatures
  2 worms (D:2)
  A dart slug (D:2)
  2 leopard geckos
  4 bats
  2 giant cockroaches (D:1)
  5 goblins
  4 hobgoblins (D:1)
  2 quokkas (D:2)
  A ball python (D:1)
  2 frilled lizards (D:1)
  15 kobolds
  3 rats (D:1)
43 creatures vanquished.

Notes
Turn   | Place    | Note
-------+----------+-------------------------------------------
     0 | D:1      | Fang the Gargoyle Berserker began the quest for the Orb.
     0 | D:1      | Reached XP level 1. HP: 14/14 MP: 1/1
   133 | D:1      | Reached XP level 2. HP: 19/19 MP: 2/2
   323 | D:1      | Reached XP level 3. HP: 23/24 MP: 3/3
   610 | D:1      | Reached ** piety under Trog
   648 | D:2      | Reached skill level 4 in Fighting
   668 | D:2      | Noticed an ogre
   669 | D:2      | Found a transporter.
   675 | D:2      | Found a transporter.
   689 | D:2      | Found an ornate altar of the Wu Jian Council.
   813 | D:2      | Found a hide-covered altar of Uskayaw.
   897 | D:2      | Noticed Natasha
   922 | D:2      | Killed from afar by Natasha

Skill      XL: |  1  2  3 |
---------------+----------+-----
Axes           | 3 |  3.5
Fighting       | 4 |  4.0
Armour         | |  2.5
Dodging        | |  1.7
Stealth        | |  0.1

Action                   || total
-------------------------++-------
Melee: Hand axe          ||   129
Armor: Animal skin       ||     2
       Scale mail        ||    61
Dodge: Dodged            ||    70
